 Dungeon Crawl Stone Soup version 0.28.0-43-g3370ac3207 (webtiles) character file.

Game seed: 9603308441938244780

13 sizableburger the Vexing (level 2, 0/28 HPs)
             Began as an Ogre Arcane Marksman on Mar 7, 2022.
             Succumbed to a kobold's poison
             ... on level 1 of the Dungeon.
             The game lasted 00:01:24 (1108 turns).

sizableburger the Vexing (Ogre Arcane Marksman)     Turns: 1108, Time: 00:01:24

Health: 0/28       AC:  3    Str: 13    XL:     2   Next: 37%
Magic:  3/3        EV: 10    Int: 14    God:
Gold:   0          SH:  0    Dex:  9    Spells: 2/3 levels left

rFire   . . .      SeeInvis .   g - +0 club
rCold   . . .      Faith    .   (no shield)
rNeg    . . .      Spirit   .   a - +0 robe
rPois   .          Reflect  .   (helmet restricted)
rElec   .          Harm     .   (no cloak)
rCorr   .          Rampage  .   (gloves unavailable)
Will    .....                   (boots unavailable)
Stlth   +.........              (no amulet)
HPRegen 0.09/turn               (no ring)
MPRegen 0.08/turn               (no ring)

@: lethally poisoned (0 -> -13)
A: large, unfitting armour, tough skin 1
a: no special abilities


You were on level 1 of the Dungeon.
You visited 1 branch of the dungeon, and saw 1 of its levels.

Inventory:

Hand Weapons
 d - a +0 dagger
 g - a +0 club (weapon)
Missiles
 b - 2 large rocks (quivered)
 c - 2 throwing nets
 f - 6 javelins
Armour
 a - a +0 robe (worn)
Potions
 e - a potion of flight {unknown}


   Skills:
 + Level 2.2 Fighting
 + Level 0.0 Maces & Flails
 + Level 2.3 Throwing
 - Level 2.0 Dodging
 - Level 1.2 Spellcasting
 + Level 2.7 Hexes


You had 2 spell levels left.
You knew the following spells:

 Your Spells              Type           Power      Damage    Failure   Level
a - Slow                  Hex            32%        N/A       9%          1

Your spell library contained the following spells:

 Spells                   Type           Power      Damage    Failure   Level
 Inner Flame              Hex/Fire       4%         N/A       41%         3
 Portal Projectile        Hex/Tloc       8%         N/A       41%         3
 Cause Fear               Hex            4%         N/A       63%         4


Dungeon Overview and Level Annotations

Branches:
Dungeon (1/15)

Altars:


Innate Abilities, Weirdness & Mutations

You are too large for most types of armour.
You have tough skin. (AC +1)


Message History

You hit the kobold.
The kobold is heavily wounded.
You feel sick.
The kobold hits you with a +1 dagger of venom. x2
You are more poisoned.
You barely miss the kobold.
The kobold is heavily wounded.
You feel very sick.
The kobold hits you with a +1 dagger of venom.
You are lethally poisoned!
You are too injured to fight recklessly!
You are too injured to fight recklessly!
You are too injured to fight recklessly!
You are too injured to fight recklessly!
You are too injured to fight recklessly!
You are too injured to fight recklessly!
You are too injured to fight recklessly!
You are too injured to fight recklessly!
You are too injured to fight recklessly!
You are too injured to fight recklessly!
You are too injured to fight recklessly!
You are too injured to fight recklessly!
Throw: 4 large rocks
Press: ? - help, Q - select action, (/) - cycle Shift-Dir - straight line, f - kobold
Aim: a kobold, wielding a +1 dagger of venom (heavily wounded, 47% to hit)
You throw a large rock.
The large rock hits the kobold but does no damage.
The kobold is heavily wounded.
* * * LOW HITPOINT WARNING * * *
You feel very sick. The kobold barely misses you.
The kobold hits you with a +1 dagger of venom.
* * * LOW HITPOINT WARNING * * *
Throw: 3 large rocks
Press: ? - help, Q - select action, (/) - cycle Shift-Dir - straight line, f/p - kobold
Aim: a kobold, wielding a +1 dagger of venom (heavily wounded, 47% to hit)
You throw a large rock.
The large rock hits the kobold but does no damage.
The kobold is heavily wounded.
You die...

############
#...........
#.########## #.# #
#.# # # ##### ###.#
#
....##...#####.#.##
######
#........K@.......#
#.....
...###.#######.#..#
#.#### #.
#.#..####.#### #.
#.#........... ..
#.##)###..#### #.
#รท##.# #.###.. ..
#.##.###.# #.. ##
#.##.....#####
#.####..##โ‰ˆโ‰ˆโ‰ˆ#


You could see a kobold.

Vanquished Creatures
  A ball python (D:1)
  3 endoplasms (D:1)
  A giant cockroach (D:1)
  A goblin (D:1)
  A hobgoblin (D:1)
  2 frilled lizards (D:1)
  A kobold (D:1)
  2 rats (D:1)
12 creatures vanquished.

Notes
Turn   | Place    | Note
-------+----------+-------------------------------------------
     0 | D:1      | sizableburger the Ogre Arcane Marksman began the quest for
                  | the Orb.
     0 | D:1      | Reached XP level 1. HP: 19/19 MP: 2/2
   621 | D:1      | Reached XP level 2. HP: 27/28 MP: 3/3
  1108 | D:1      | Succumbed to a kobold's poison

Illustrated notes

Levels and vault maps discovered:
D:1:      lightli_arrival_statuegarden, layout_loops_ring,
          chequers_ecumenical_altar_simple_redux

Skill      XL: |  1  2 |
---------------+-------+-----
Dodging        | 2 |  2.0
Fighting       | 2 |  2.2
Throwing       | |  2.3
Spellcasting   | |  1.2
Hexes          | |  2.7

Action                   || total
-------------------------++-------
Melee: Unarmed           ||    45
       Dagger            ||    30
       Punch             ||     2
       Club              ||     9
Throw: Large rock        ||     4
 Cast: Slow              ||     3
Armor: Robe              ||    30
Dodge: Dodged            ||    37
